 Dungeon Crawl Stone Soup version 0.28-a0-1435-g82390b3a13 (webtiles) character file.

Game seed: 14227128471398347008

2 hashsling the Sneak (level 1, 0/10 HPs)
             Began as a Kobold Wanderer on Jan 9, 2022.
             Slain by a kobold (2 damage)
             ... on level 1 of the Dungeon.
             The game lasted 00:02:03 (177 turns).

hashsling the Sneak (Kobold Wanderer)                Turns: 177, Time: 00:02:04

Health: 0/10       AC:  3    Str:  7    XL:     1   Next: 33%
Magic:  2/2        EV: 15    Int: 10    God:
Gold:   18         SH:  0    Dex: 19    Spells: 2/2 levels left

rFire   . . .      SeeInvis .   b - +0 hand crossbow
rCold   . . .      Faith    .   (no shield)
rNeg    . . .      Spirit   .   g - +0 robe
rPois   .          Reflect  .   i - +0 helmet
rElec   .          Harm     .   (no cloak)
rCorr   .          Rampage  .   (no gloves)
Will    .....                   (no boots)
Stlth   +++++.....              (no amulet)
HPRegen 0.03/turn               (no ring)
MPRegen 0.08/turn               (no ring)

@: no status effects
A: small, no large weapons, nightstalker 3
a: no special abilities


You were on level 1 of the Dungeon.
You visited 1 branch of the dungeon, and saw 1 of its levels.

You collected 18 gold pieces.

Inventory:

Hand Weapons
 a - a +0 dagger
 b - a +0 hand crossbow (weapon)
Missiles
 c - 2 datura-tipped darts
 d - an atropa-tipped dart
 e - 21 bolts (quivered ammo)
Armour
 g - a +0 robe (worn)
 i - a +0 helmet (worn)
Scrolls
 f - a scroll of fog
 h - a scroll of identify {unknown}


   Skills:
 * Level 1.6 Crossbows
 - Level 2.4 Dodging
 - Level 6.6 Stealth
 - Level 1.1 Spellcasting
 - Level 1.2 Evocations


You had 2 spell levels left.
You didn't know any spells.
Your spell library was empty.

Dungeon Overview and Level Annotations

Branches:
Dungeon (1/15)

Altars:


Innate Abilities, Weirdness & Mutations

You are small and have problems with some larger weapons.
You are completely attuned to the shadows.


Message History

Aim: a kobold, wielding a +0 short sword and quivering stones (58% to hit)
You shoot a bolt. The bolt closely misses the kobold.
The kobold closely misses you.
a - a +0 dagger (weapon)
You barely miss the kobold.
The kobold hits you with a +0 short sword.
Ouch! That really hurt!
You are too injured to fight recklessly!
Hit: a) +0 dagger
Press: ? - help, Dir - move target, f/p - kobold
Aim: a kobold, wielding a +0 short sword and quivering stones (about 41% to evade your +0 dagger)
You barely miss the kobold. The kobold completely misses you.
b - a +0 hand crossbow (weapon)
The kobold hits you but does no damage.
Fire: 25 bolts
Press: ? - help, Q - select action, (/) - cycle Shift-Dir - straight line, f/p - kobold
Aim: a kobold, wielding a +0 short sword and quivering stones (58% to hit)
You shoot a bolt. The bolt closely misses the kobold.
The kobold closely misses you.
Fire: 24 bolts
Press: ? - help, Q - select action, (/) - cycle Shift-Dir - straight line, f/p - kobold
Aim: a kobold, wielding a +0 short sword and quivering stones (58% to hit)
You shoot a bolt. The bolt completely misses the kobold.
The kobold misses you.
The kobold hits you with a +0 short sword.
* * * LOW HITPOINT WARNING * * *
Fire: 23 bolts
Press: ? - help, Q - select action, (/) - cycle Shift-Dir - straight line, f/p - kobold
Aim: a kobold, wielding a +0 short sword and quivering stones (58% to hit)
You shoot a bolt. The bolt closely misses the kobold.
The kobold completely misses you.
Fire: 22 bolts
Press: ? - help, Q - select action, (/) - cycle Shift-Dir - straight line, f/p - kobold
Aim: a kobold, wielding a +0 short sword and quivering stones (58% to hit)
You shoot a bolt. The bolt hits the kobold.
The kobold is severely wounded.
The kobold hits you with a +0 short sword.
* * * LOW HITPOINT WARNING * * *
The kobold hits you with a +0 short sword.
You die...

≈≈≈.....#..........#
≈≈≈.....#..........#
≈≈≈.....#..........#
≈≈≈.....#...########
≈≈......#...#########
≈..⌠.................
≈..⌠.................
≈≈...................
≈≈≈.............@K..(
≈≈≈..................
≈≈≈. ..........$..
≈≈≈. ........... ≈≈≈.
.......... ≈≈≈. ≈ .


You could see a kobold.

Vanquished Creatures
  A quokka (D:1)
  A ball python (D:1)
2 creatures vanquished.

Notes
Turn   | Place    | Note
-------+----------+-------------------------------------------
     0 | D:1      | hashsling the Kobold Wanderer began the quest for the Orb.
     0 | D:1      | hashsling set off with the following items: a +0 dagger, an
                  | atropa-tipped dart, 2 datura-tipped darts, a +0 hand
                  | crossbow, 28 bolts, a scroll of fog, a +0 robe
     0 | D:1      | Reached XP level 1. HP: 10/10 MP: 2/2
   155 | D:1      | Found a faded altar of an unknown god.
   177 | D:1      | Slain by a kobold

Illustrated notes

Levels and vault maps discovered:
D:1:      dpeg_arrival_castle, layout_basic, basic_ecumenical_altar,
          corner_web_ring

Action                   || total
-------------------------++-------
Melee: Dagger            ||     2
 Fire: Hand crossbow     ||     8
Armor: Robe              ||     1
Dodge: Dodged            ||     5

Table legend: (Time is in decaauts)
 A = Elapsed time spent in this place.
 B = Non-inter-level travel time spent in this place.
 C = Inter-level travel time spent in this place.
 D = Time resting spent in this place.
 E = Time spent auto-exploring this place.
 F = Levels seen in this place.
 G = Mean time per level.
                   A        B        C        D        E       F      G
               +--------+--------+--------+--------+--------+-----+--------+
         Total |    178 |    178 |      0 |      0 |    144 |   1 |  178.0 |
       Dungeon |    178 |    178 |      0 |      0 |    144 |   1 |  178.0 |
               +--------+--------+--------+--------+--------+-----+--------+

Top non-repeatable levels by time:
     D:1: 178 daAuts
